 Dungeon Crawl Stone Soup version 0.28-a0-1555-g9ae15a6949 (webtiles) character file.

Game seed: 7128651514295822796

39 Pin the Chopper (level 3, -5/31 HPs)
             Began as a Hill Orc Monk on Jan 19, 2022.
             Killed by nerve-wracking pain
             ... invoked by Jessica
              (13 damage)
             ... on level 2 of the Dungeon.
             The game lasted 00:02:41 (1346 turns).

Pin the Chopper (Hill Orc Monk)                     Turns: 1346, Time: 00:02:41

Health: -5/31      AC:  7    Str: 15    XL:     3   Next: 45%
Magic:  3/3        EV:  6    Int: 10    God:
Gold:   64         SH: 10    Dex: 13    Spells: 2/2 levels left

rFire   . . .      SeeInvis .   a - +0 hand axe
rCold   . . .      Faith    .   e - +0 tower shield
rNeg    . . .      Spirit   .   i - +0 ring mail
rPois   .          Reflect  .   (no helmet)
rElec   .          Harm     .   k - +1 cloak
rCorr   .          Rampage  .   (no gloves)
Will    .....                   (no boots)
Stlth   +.........              (no amulet)
HPRegen 0.10/turn               (no ring)
MPRegen 0.08/turn               (no ring)

@: no status effects
A: no striking features
a: no special abilities


You were on level 2 of the Dungeon.
You visited 1 branch of the dungeon, and saw 2 of its levels.

You collected 64 gold pieces.

Inventory:

Hand Weapons
 a - a +0 hand axe (weapon)
Armour
 e - a +0 tower shield (worn)
 i - a +0 ring mail (worn)
 k - a +1 cloak (worn)
Scrolls
 c - 2 scrolls of enchant weapon {unknown}
 d - 2 scrolls of vulnerability {unknown}
 g - a scroll of identify {unknown}
 h - a scroll of fear {unknown}
 j - a scroll of teleportation {unknown}
Potions
 b - a potion of attraction {unknown}
 f - a potion of curing {unknown}
 l - a potion of magic {unknown}


   Skills:
 - Level 3.6 Fighting
 - Level 4.0 Axes
 + Level 3.3 Armour
 - Level 2.4 Dodging
 - Level 1.5 Stealth


You had 2 spell levels left.
You didn't know any spells.
Your spell library was empty.

Dungeon Overview and Level Annotations

Branches:
Dungeon (2/15)

Altars:
Ashenzari

Shops:
D:1 !

Annotations:
D:2 Jessica


Message History

You kill the rat!
Jessica says, "I'm really upset."
There is an open door, spattered with blood here.
You see here a rat corpse.
You hit the quokka.
The quokka is heavily wounded.
The quokka bites you. x2; Jessica hits you but does no damage.
You closely miss the quokka.
The quokka is heavily wounded.
You barely miss Jessica.
The quokka bites you but does no damage.
You block Jessica's attack.
Jessica hits you with a +0 dagger of speed.
The quokka bites you.
You hit the quokka but do no damage.
The quokka is heavily wounded.
You barely miss Jessica. You block Jessica's attack.
The quokka barely misses you.
Jessica hits you with a +0 dagger of speed.
Jessica hits you but does no damage.
You hit the quokka but do no damage.
The quokka is heavily wounded.
You hit Jessica.
The quokka bites you but does no damage.
You block the quokka's attack. You block Jessica's attack.
Jessica casts a spell at you. Pain shoots through your body!
* * * LOW HITPOINT WARNING * * *
You are too injured to fight recklessly!
You are too injured to fight recklessly!
You are too injured to fight recklessly!
You are too injured to fight recklessly!
You are too injured to fight recklessly!
You hit the quokka.
The quokka is severely wounded.
You closely miss Jessica. You block the quokka's attack. The quokka bites you.
* * * LOW HITPOINT WARNING * * *
Jessica gestures at you while chanting. Pain shoots through your body!
You die...

##### .... # #... ######
.###.. .....# ..... ####
####.# #..##!.!## #.#
#..#@....# #.#
#..@r....# #.#
#..#.[...# ####.####
#..##?.!##.. #.......#
#...#####..# #.##..#.#
#.#.......# #.##....#
#.##.....## #.......##
#.#..##.##
#........#####....##...
.......<.....(.......+..


You could see Jessica and a quokka.

Vanquished Creatures
  3 ball pythons (D:1)
  4 endoplasms (D:1)
  4 goblins (D:1)
  6 hobgoblins (D:1)
  3 jackals (D:1)
  4 quokkas
  3 bats
  A frilled lizard (D:1)
  A kobold (D:1)
  3 rats
32 creatures vanquished.

Notes
Turn   | Place    | Note
-------+----------+-------------------------------------------
     0 | D:1      | Pin the Hill Orc Monk began the quest for the Orb.
     0 | D:1      | Reached XP level 1. HP: 19/19 MP: 1/1
    52 | D:1      | Reached skill level 1 in Armour
    59 | D:1      | Reached XP level 2. HP: 17/26 MP: 2/2
   713 | D:1      | Reached XP level 3. HP: 27/31 MP: 3/3
  1015 | D:1      | Found Zenuarph's Distillery.
  1142 | D:2      | Found a broken altar of Ashenzari.
  1339 | D:2      | Noticed Jessica
  1346 | D:2      | Killed from afar by Jessica

Illustrated notes

Levels and vault maps discovered:
D:1:      eino_arrival_cavern_b, layout_basic, serial_shops, shop,
          minmay_misc_feat_roman, minmay_pentomino_w2
D:2:      layout_loops_corners, shapermc_ecumenical_altar_notcrosses,
          basic_altar, kennysheep_jessica_study

Skill      XL: |  1  2  3 |
---------------+----------+-----
Armour         | 1 2 3 |  3.3
Fighting       | |  3.6
Axes           | |  4.0
Dodging        | |  2.4
Stealth        | |  1.5

Action                   || total
-------------------------++-------
Melee: Hand axe          ||   101
Armor: Ring mail         ||    49
       Robe              ||     3
Dodge: Dodged            ||    32
Block: Tower shield      ||    64

Table legend: (Time is in decaauts)
 A = Elapsed time spent in this place.
 B = Non-inter-level travel time spent in this place.
 C = Inter-level travel time spent in this place.
 D = Time resting spent in this place.
 E = Time spent auto-exploring this place.
 F = Levels seen in this place.
 G = Mean time per level.
                   A        B        C        D        E       F      G
               +--------+--------+--------+--------+--------+-----+--------+
         Total |   1399 |   1391 |      8 |      0 |   1099 |   2 |  699.5 |
       Dungeon |   1399 |   1391 |      8 |      0 |   1099 |   2 |  699.5 |
               +--------+--------+--------+--------+--------+-----+--------+

Top non-repeatable levels by time:
     D:1: 1117 daAuts
     D:2: 281 daAuts
